 Dungeon Crawl Stone Soup version 0.31-a0-876-gfe8ebadbca (webtiles) character file.

Game seed: 17930782440059116251

478 BinkBink the Chopper (level 6, 0/56 HPs)
             Began as a Minotaur Monk on Oct 14, 2023.
             Was a Believer of Okawaru.
             Slain by an ice beast (14 damage)
             ... on level 5 of the Dungeon.
             The game lasted 00:04:28 (3643 turns).

BinkBink the Chopper (Minotaur Monk)                Turns: 3643, Time: 00:04:29

Health: 0/56       AC:  2    Str: 18    XL:     6   Next: 86%
Magic:  5/5        EV: 12    Int:  7    God:    Okawaru [**....]
Gold:   305        SH:  0    Dex: 12    Spells: 5/5 levels left

rFire   . . .        a - +0 hand axe
rCold   . . .        d - orb {light}
rNeg    . . .        b - +0 robe
rPois   .            (helmet currently unavailable)
rElec   .            (cloak currently unavailable)
rCorr   .            (gloves currently unavailable)
SInv    .            (boots currently unavailable)
Will    .....        (no amulet)
Stlth   +            (no ring)
HPRegen 0.29/turn    (no ring)
MPRegen 0.09/turn

%: no passive effects
@: beast-form, glowing
A: beast (slay +1), horns 2, retaliatory headbutt
a: Begin Untransformation, Renounce Religion, Heroism


You were on level 5 of the Dungeon.
You worshipped Okawaru.
Okawaru was pleased with you.
You were a hulking beast.
You visited 1 branch of the dungeon, and saw 5 of its levels.

You collected 305 gold pieces.

Inventory:

Hand Weapons
 a - a +0 hand axe (weapon)
Missiles
 j - a throwing net
Armour
 b - a +0 robe (worn)
 d - an orb of light (worn)
Jewellery
 k - a ring of fire
 m - a ring of protection from cold
 u - a ring of fire
Talismans
 e - a beast talisman (active)
Wands
 v - a wand of acid (11)
Scrolls
 f - 2 scrolls of identify
 g - 4 scrolls of blinking
 h - a scroll of immolation
 l - a scroll of fear
 p - a scroll of butterflies {unknown}
 q - a scroll of teleportation {unknown}
 r - a scroll of revelation {unknown}
 s - a scroll of vulnerability {unknown}
 t - a scroll of fog {unknown}
 w - a scroll of silence {unknown}
 x - a scroll of brand weapon {unknown}
Potions
 c - a potion of ambrosia
 i - a potion of haste
 n - a potion of invisibility {unknown}
 o - a potion of curing {unknown}


   Skills:
 + Level 5.5 Fighting
 * Level 7.2 Axes
 - Level 3.2 Dodging
 + Level 2.4 Shapeshifting


You had 5 spell levels left.
You didn't know any spells.
Your spell library contained the following spells:

 Spells                   Type           Power      Damage    Failure   Level
 Apportation              Tloc           0%         N/A       43%         1
 Ensorcelled Hibernation  Hex/Ice        0%         N/A       56%         2
 Jinxbite                 Hex            0%         N/A       56%         2
 Anguish                  Hex/Necr       0%         N/A       99%         4
 Alistair's Intoxication  Tmut/Pois      0%         N/A       100%        5
 Summon Small Mammal      Summ           Unusable   N/A       N/A         1
 Call Canine Familiar     Summ           Unusable   N/A       N/A         3
 Summon Guardian Golem    Hex/Summ       Unusable   N/A       N/A         3

Dungeon Overview and Level Annotations

Branches:
Dungeon (5/15)
 Temple: D:4-7

Altars:
Kikubaaqudgha
Okawaru
Yredelemnul
The Shining One

Shops:
D:1 *   D:5 :

Annotations:
D:3 2 transporters, Menkaure
D:4 3 runed translucent doors, flt's ghost, amateur DgFE; nms23's ghost, weakling DsCj; pzskc383's ghost, weakling GrGl; scarywalker64's ghost, amateur DgCj


Innate Abilities, Weirdness & Mutations

You are a hulking beast.
Your limbs bulge with bestial killing power. (Slay +1)
You have a pair of horns on your head.
You reflexively headbutt those who attack you in melee.


Message History

An orc is nearby!
The orc hits you but does no damage.
An orc wizard comes into view. It is wielding a +0 dagger.
An ice beast comes into view.
The orc wizard shouts!
You hit the orc but do no damage.
You hear a shout!
The orc closely misses you.
You hit the orc.
The orc is lightly wounded.
The orc barely misses you. You furiously retaliate!
You headbutt the orc. You hit the orc. You headbutt the orc, but do no damage.
The orc is severely wounded.
The orc misses you. You furiously retaliate!
You headbutt the orc.
You kill the orc!
Okawaru accepts your kill.
Found an emerald potion.
The ice beast hits you. The ice beast freezes you!
You slash the ice beast! You headbutt the ice beast.
The ice beast is heavily wounded.
The orc wizard casts a spell at you. The magic dart hits you.
The ice beast hits you. The ice beast freezes you!
You are too injured to fight recklessly!
You slash the ice beast!
The ice beast is severely wounded.
The ice beast hits you. The ice beast freezes you.
The orc wizard gestures wildly while chanting.
The orc wizard flickers and vanishes for a moment.
You hit the ice beast but do no damage.
The ice beast is severely wounded.
The ice beast closely misses you.
You hit the ice beast. You headbutt the ice beast.
The ice beast is almost dead.
You hit the orc wizard. The ice beast misses you.
The orc wizard hits you with a +0 dagger.
You barely miss the ice beast.
The ice beast is almost dead.
You hit the orc wizard. The ice beast hits you.
* * * LOW HITPOINT WARNING * * *
The ice beast freezes you!
You die...

#....# #.........
#....##### #.........
.........###.........
....................
.................####
..#.................#
#.#.###..........##.#
#...................#
.......#........ho.##
.......#........)Y.#
....####...............
###..
...#.....###...... ...
.........+ .....!
..............# ......
.... ###...... ...##
##.... ...#


You could see an ice beast and an orc wizard (invisible).

Vanquished Creatures
  An ogre (D:5)
  A hound (D:5)
  A jelly (D:5)
  An iguana (D:4)
  2 orc wizards
  4 gnolls (D:3)
  7 adders
  2 ufetubi
  15 dart slugs
  16 orcs
  2 bats (D:2)
  9 endoplasms
  2 giant cockroaches
  7 hobgoblins
  4 jackals (D:2)
  8 kobolds
  2 quokkas (D:2)
  10 ball pythons
  4 frilled lizards
  9 goblins
  4 rats
111 creatures vanquished.

Notes
Turn   | Place    | Note
-------+----------+-------------------------------------------
     0 | D:1      | BinkBink the Minotaur Monk began the quest for the Orb.
     0 | D:1      | Reached XP level 1. HP: 19/19 MP: 0/0
   108 | D:1      | Reached skill level 4 in Axes
   173 | D:1      | Found Lilou's Assorted Antiques.
   190 | D:1      | Reached XP level 2. HP: 22/27 MP: 1/1
   384 | D:1      | You fall into a shaft and drop 1 floor!
   452 | D:2      | Reached XP level 3. HP: 20/33 MP: 2/2
   931 | D:2      | Reached skill level 1 in Shapeshifting
  1296 | D:3      | Found an ancient bone altar of Kikubaaqudgha.
  1298 | D:3      | Noticed Menkaure
  1301 | D:3      | Found a transporter.
  1349 | D:3      | Reached skill level 5 in Axes
  1408 | D:3      | Reached XP level 4. HP: 39/40 MP: 3/3
  1612 | D:3      | Found an iron altar of Okawaru.
  1630 | D:3      | Reached XP level 5. HP: 31/47 MP: 4/4
  1747 | D:3      | Found a glowing golden altar of the Shining One.
  1902 | D:3      | Became a worshipper of Warmaster Okawaru
  1902 | D:3      | Reached * piety under Okawaru
  1902 | D:3      | Reached ** piety under Okawaru
  2181 | D:3      | Found a basalt altar of Yredelemnul.
  2199 | D:3      | Found a transporter.
  2533 | D:4      | Found a runed translucent gate.
  2533 | D:4      | Found a runed translucent gate.
  2533 | D:4      | Found a runed translucent gate.
  2533 | D:4      | Noticed flt's ghost (amateur DgFE)
  2533 | D:4      | Noticed nms23's ghost (weakling DsCj)
  2534 | D:4      | Noticed pzskc383's ghost (weakling GrGl)
  2534 | D:4      | Noticed scarywalker64's ghost (amateur DgCj)
  2538 | D:4      | Reached skill level 6 in Axes
  2811 | D:4      | Reached skill level 5 in Fighting
  2870 | D:4      | Reached XP level 6. HP: 41/56 MP: 5/5
  3167 | D:5      | Entered Level 5 of the Dungeon
  3324 | D:5      | Found Ykhuh's Book Emporium.
  3498 | D:5      | Reached skill level 7 in Axes
  3634 | D:5      | Noticed an ice beast
  3643 | D:5      | Slain by an ice beast

Illustrated notes

Levels and vault maps discovered:
D:1:      minmay_arrival_cross, layout_basic, serial_shops,
          nicolae_shop_tiny_glass
D:2:      layout_rooms
D:3:      layout_loops_ring, nicolae_overflow_squiral,
          gammafunk_temple_of_torment
D:4:      kennysheep_slugbush, layout_loops_ring, gammafunk_ghost_cemetery,
          minmay_fractal_squares_diagonal_5
D:5:      layout_basic, nemelex_dance_club_becter, serial_shops,
          nicolae_lakefront_shop, gammafunk_ghost_cemetery, kennysheep_potato

Skill      XL: |  1  2  3  4  5  6 |
---------------+-------------------+-----
Axes           | 4 5 6 7 |  7.2
Fighting       | 4 5 |  5.5
Shapeshifting  | 1 2 |  2.4
Dodging        | |  3.2

Action                     |  1- 3 |  4- 6 || total
---------------------------+-------+-------++-------
  Melee: Hand axe          |    78 |   133 ||   211
         Headbutt          |    16 |    30 ||    46
    Use: Scroll            |     4 |       ||     4
 Armour: Robe              |    36 |    86 ||   122
  Dodge: Dodged            |    45 |    73 ||   118
   Form: Beast             |     1 |       ||     1

Table legend: (Time is in decaauts)
 A = Elapsed time spent in this place.
 B = Non-inter-level travel time spent in this place.
 C = Inter-level travel time spent in this place.
 D = Time resting spent in this place.
 E = Time spent auto-exploring this place.
 F = Levels seen in this place.
 G = Mean time per level.
                   A        B        C        D        E       F      G
               +--------+--------+--------+--------+--------+-----+--------+
         Total |   3667 |   3501 |    166 |    375 |   2470 |   5 |  733.4 |
       Dungeon |   3667 |   3501 |    166 |    375 |   2470 |   5 |  733.4 |
               +--------+--------+--------+--------+--------+-----+--------+

Top non-repeatable levels by time:
     D:3: 1058 daAuts
     D:4: 842 daAuts
     D:1: 679 daAuts
     D:2: 611 daAuts
     D:5: 475 daAuts
